 Dungeon Crawl Stone Soup version 0.23-a0-451-g1044d4c (webtiles) character file.

5277 Dfrag the Destroyer (level 10, -1/63 HPs)
             Began as a Demonspawn Fire Elementalist on Nov 22, 2018.
             Was a Believer of Vehumet.
             Slain by a death yak (27 damage)
             ... on level 9 of the Dungeon.
             The game lasted 00:18:27 (8400 turns).

Dfrag the Destroyer (Demonspawn Fire Elementalist)  Turns: 8400, Time: 00:18:27

Health: -1/63      AC:  6    Str:  9    XL:     10   Next: 36%
Magic:  5/22       EV: 14    Int: 20    God:    Vehumet [**....]
Gold:   239        SH:  0    Dex: 13    Spells: 12/25 levels left

rFire    . . .     SeeInvis .   u - +2 flail (protect)
rCold    . . .     Gourm    .   (no shield)
rNeg     . . .     Faith    .   a - +1 robe
rPois    .         Spirit   .   f - +0 helmet
rElec    .         Reflect  .   h - +1 cloak
rCorr    .         Harm     .   (no gloves)
MR       +....                  (no boots)
Stlth    ++++......             l - amulet of the acrobat
HPRegen  0.20/turn              y - ring of protection from magic
MPRegen  0.18/turn              (no ring)

@: drained
A: talons 1, repulsion field 1, nightstalker 2, powered by death 2
a: Renounce Religion


You were on level 9 of the Dungeon.
You worshipped Vehumet.
Vehumet was pleased with you.
You were not hungry.

You visited 2 branches of the dungeon, and saw 10 of its levels.
You also visited: Sewer.

You collected 432 gold pieces.
You spent 193 gold pieces at shops.

Inventory:

Hand Weapons
 k - a +0 dagger of venom
 u - a +2 flail of protection (weapon)
Armour
 a - a +1 robe (worn)
 f - a +0 helmet (worn)
 h - a +1 cloak (worn)
Jewellery
 i - an uncursed amulet of harm
 l - an amulet of the acrobat (around neck)
 y - a ring of protection from magic (left hand)
Wands
 n - a wand of paralysis (2)
 z - a wand of digging (8)
 C - a wand of polymorph (11)
 J - a wand of iceblast (6)
Scrolls
 d - 3 scrolls of enchant armour
 e - 6 scrolls of remove curse
 j - 2 scrolls of immolation {unknown}
 p - 7 scrolls of teleportation
 q - 2 scrolls of blinking
 r - 7 scrolls of identify {unknown}
 t - 2 scrolls of fear {unknown}
 x - a scroll of magic mapping {unknown}
 D - a scroll of fog {unknown}
 F - a scroll of brand weapon {unknown}
 G - a scroll of enchant weapon {unknown}
 I - a scroll of random uselessness {unknown}
Potions
 b - a potion of brilliance {unknown}
 g - 5 potions of curing {unknown}
 m - 2 potions of mutation {unknown}
 o - a potion of resistance {unknown}
 s - a potion of heal wounds {unknown}
 v - 2 potions of agility {unknown}
 w - 2 potions of ambrosia {unknown}
 A - a potion of haste {unknown}
 B - a potion of lignification {unknown}
 E - 2 potions of cancellation {unknown}
 K - 5 potions of flight {unknown}
Comestibles
 c - 7 rations
 H - 3 chunks of flesh


   Skills:
 - Level 1.7(1.3) Dodging
 - Level 1.7(1.3) Stealth
 + Level 8.4(7.9) Spellcasting
 + Level 9.0(8.5) Conjurations
 + Level 8.7(8.2) Fire Magic


You had 12 spell levels left.
You knew the following spells:

 Your Spells              Type           Power        Failure   Level  Hunger
a - Flame Tongue          Conj/Fire      #####        1%          1    None
b - Conjure Flame         Conj/Fire      #####...     1%          3    None
c - Sticky Flame          Conj/Fire      #####...     2%          4    ###....
d - Fireball              Conj/Fire      #####.....   8%          5    #####..

Your spell library contained the following spells:

 Spells                   Type           Power        Failure   Level  Hunger
 Searing Ray              Conj           #####.       1%          2    None
 Throw Flame              Conj/Fire      #####.       1%          2    None
 Throw Frost              Conj/Ice       ####..       2%          2    None
 Inner Flame              Hex/Fire       ###.....     4%          3    None
 Animate Skeleton         Necr           N/A          9%          1    None
 Apportation              Tloc           #.....       9%          1    None
 Beastly Appendage        Tmut           #.....       9%          1    None
 Confusing Touch          Hex            #.....       9%          1    None
 Freeze                   Ice            #...         9%          1    None
 Summon Small Mammal      Summ           #...         9%          1    None
 Sticks to Snakes         Tmut           #.......     13%         2    None
 Throw Icicle             Conj/Ice       ####....     14%         4    ###....
 Ozocubu's Armour         Chrm/Ice       #.......     26%         3    None
 Spider Form              Tmut/Pois      #.........   26%         3    None
 Ice Form                 Ice/Tmut       #.......     65%         4    ###....
 Summon Ice Beast         Ice/Summ       #.......     65%         4    ###....
 Blade Hands              Tmut           #.........   94%         5    #####..


Dungeon Overview and Level Annotations

Branches:
Dungeon (9/15)             Temple (1/1) D:6            Lair (0/6) D:9
    Orc: D:9-12

Altars:
Ashenzari
Cheibriados
Dithmenos
Elyvilon
Gozag
Hepliaklqana
Kikubaaqudgha
Sif Muna
Trog
Uskayaw
Vehumet
Xom
Zin

Shops:
D:9 *

Annotations:
D:4 1 runed door, Hrodulf's ghost, novice DrTm


Innate Abilities, Weirdness & Mutations

You have sharp toenails.
You are surrounded by a mild repulsion field. (EV +2)
You are significantly more attuned to the shadows.
You regenerate health from kills.


Message History

Unknown command.
The death yak burns!
The death yak burns!
The death yak burns!
The death yak stops burning.
Your magical contamination has completely faded away.
Things that are here:
a +0 scale mail; a +0 dagger
There is a stone staircase leading down here.
You see here a river rat skeleton.
You see here a quokka skeleton.
Casting: Sticky Flame (safe; 2% risk of failure)
Confirm with . or Enter, or press ? or * to list all spells.
Aiming: Sticky Flame (safe; 2% risk of failure)
Press: ? - help, Shift-Dir - straight line, f/p - death yak
Aim: a death yak (heavily wounded)
The sticky flame hits the death yak.
The death yak is heavily wounded.
The death yak is covered in liquid flames!
The death yak burns!
The death yak gores you!!
You die...

#..# #.# #...# #..# #. #..#
#.# #...#######..####( #..#
#.# #................. #..#
#.# #....>............ #..#
#.# #....)............ #..#
#.# #....((....)####.. #..#
#.####.......(...# #..
#..#######....Y...()......#
#..
##...........Y.Y@(.....((..#
#..
...........[...##........(.#
#(.
###...........###..........#
#.. #........รท.##
#..........# #..
#..........# #..........#
#.. #..........#
#.[...[....# #..
#..........# #..........#
#.. #..........#
#..........# #..
#..........# #.<........#
#..


You could see 3 death yaks.

Vanquished Creatures
  Maurice (D:9)
  A hippogriff (D:7)
  A hungry ghost (D:8)
  Grum (D:8)
  Edmund (D:6)
  A phantom (D:5)
  2 orc warriors
  3 porcupines (D:9)
  3 ice beasts
  A black bear (D:9)
  2 sky beasts
  3 wolves (D:8)
  6 ogres
  A necrophage (D:7)
  3 centaurs
  A big kobold (D:9)
  7 bullfrogs
  2 scorpions (D:9)
  5 killer bees (D:6)
  2 crimson imps
  A centaur zombie (D:9)
  2 hounds
  2 bullfrog skeletons
  2 centaur skeletons
  3 orc priests
  4 jellies
  6 orc wizards
  An iguana (D:6)
  A hell rat (D:9)
  7 worker ants
  17 adders
  5 river rats
  2 shadow imps
  8 oozes (Sewer)
  An adder zombie (D:5)
  An adder skeleton (D:5)
  5 worms
  3 dart slugs
  24 leopard geckos
  16 orcs
  18 giant cockroaches
  13 goblins
  6 hobgoblins
  6 jackals
  6 quokkas
  12 ball pythons (Sewer)
  5 bats
  21 frilled lizards
  10 kobolds
  12 rats
267 creatures vanquished.

Notes
Turn   | Place    | Note
-------+----------+-------------------------------------------
     0 | D:1      | Dfrag the Demonspawn Fire Elementalist began the quest for
                  | the Orb.
     0 | D:1      | Reached XP level 1. HP: 13/13 MP: 3/3
    59 | D:1      | Gained mutation: You have sharp toenails. [demonic
                  | ancestry]
    59 | D:1      | Reached XP level 2. HP: 19/19 MP: 1/5
   329 | D:1      | Gained mutation: You regenerate a little health from kills.
                  | [demonic ancestry]
   329 | D:1      | Reached XP level 3. HP: 14/24 MP: 1/6
   659 | D:2      | Reached skill level 2 in Conjurations
   980 | D:2      | Reached XP level 4. HP: 30/30 MP: 6/8
  1387 | D:3      | Learned a level 3 spell: Conjure Flame
  1392 | D:3      | Learned a level 4 spell: Sticky Flame
  1541 | D:3      | Found a glowing drain.
  1547 | Sewer    | Entered a sewer
  1551 | Sewer    | Reached XP level 5. HP: 31/35 MP: 5/9
  1661 | Sewer    | Reached skill level 3 in Conjurations
  1902 | Sewer    | Gained mutation: You are slightly more attuned to the
                  | shadows. [demonic ancestry]
  1902 | Sewer    | Reached XP level 6. HP: 38/41 MP: 7/11
  2920 | D:4      | Reached skill level 4 in Conjurations
  3299 | D:4      | Gained mutation: You are surrounded by a mild repulsion
                  | field. (EV +2) [demonic ancestry]
  3299 | D:4      | Reached XP level 7. HP: 43/46 MP: 8/13
  3415 | D:4      | Found a runed door.
  3557 | D:4      | Noticed Hrodulf's ghost (novice DrTm)
  3733 | D:5      | Entered Level 5 of the Dungeon
  3743 | D:5      | Reached skill level 5 in Fire Magic
  3860 | D:5      | Reached skill level 5 in Spellcasting
  3860 | D:5      | Reached skill level 5 in Conjurations
  4261 | D:5      | Gained mutation: You regenerate health from kills. [demonic
                  | ancestry]
  4261 | D:5      | Reached XP level 8. HP: 42/52 MP: 11/15
  4430 | D:6      | Found a staircase to the Ecumenical Temple.
  4479 | Temple   | Entered the Ecumenical Temple
  4492 | Temple   | Became a worshipper of Vehumet
  4595 | D:6      | Found a deep blue altar of Sif Muna.
  4597 | D:6      | Found a hazy altar of Hepliaklqana.
  4598 | D:6      | Found a snail-covered altar of Cheibriados.
  4600 | D:6      | Found an ancient bone altar of Kikubaaqudgha.
  4601 | D:6      | Found a shadowy altar of Dithmenos.
  4654 | D:6      | Noticed Edmund
  4664 | D:6      | Killed Edmund
  4741 | D:6      | Reached skill level 6 in Conjurations
  5279 | D:6      | Learned a level 5 spell: Fireball
  5528 | D:7      | Reached XP level 9. HP: 52/57 MP: 6/18
  5649 | D:7      | Found a shimmering altar of Xom.
  5650 | D:7      | Found a hide-covered altar of Uskayaw.
  5651 | D:7      | Found an opulent altar of Gozag.
  5671 | D:7      | Reached skill level 7 in Conjurations
  6279 | D:8      | Found a shattered altar of Ashenzari.
  6281 | D:8      | Reached * piety under Vehumet
  6281 | D:8      | Offered knowledge of Sandblast by Vehumet.
  6319 | D:8      | Noticed Grum
  6351 | D:8      | Killed Grum
  6351 | D:8      | Reached skill level 8 in Conjurations
  6659 | D:8      | Found a bloodstained altar of Trog.
  7026 | D:8      | Found a snail-covered altar of Cheibriados.
  7246 | D:9      | Gained mutation: You are significantly more attuned to the
                  | shadows. [demonic ancestry]
  7246 | D:9      | Reached XP level 10. HP: 63/63 MP: 13/21
  7341 | D:9      | Noticed a death yak
  7341 | D:9      | Noticed a death yak
  7794 | D:9      | Found Oschuale's Assorted Antiques.
  7797 | D:9      | Bought a scroll labeled PAP MOILIOFESCH for 28 gold pieces
  7797 | D:9      | Bought a blue potion for 25 gold pieces
  7797 | D:9      | Bought a scroll of teleportation for 84 gold pieces
  7797 | D:9      | Bought a scroll labeled YTAUTHR OWNYLUBYE for 28 gold
                  | pieces
  7797 | D:9      | Bought a scroll labeled SUNET EGAE for 28 gold pieces
  7841 | D:9      | Reached ** piety under Vehumet
  7841 | D:9      | Offered knowledge of Searing Ray by Vehumet.
  7884 | D:9      | Noticed a death yak
  8057 | D:9      | Noticed Maurice
  8121 | D:9      | Killed Maurice
  8121 | D:9      | Reached skill level 9 in Conjurations
  8267 | D:9      | Found a staircase to the Lair.
  8400 | D:9      | Slain by a death yak

Vault maps used:
D:1:      evilmike_arrival_run_for_it, serial_corexii_hall,
          chequers_hall_statues_wall_a, corexii_hall_statues_i,
          corexii_hall_statues_s, minivault_25, chequers_garden
D:2:      st_stairs_5
D:3:      first_ration, lightli_sewer_entry_pipes, kennysheep_generic_room_4
D:4:      ebering_ghost_sewer_d
D:5:      nrook_pool_corridor, hangedman_decor_riveting
D:6:      minitemple, minmay_temple_entry_glassed_door, uniq_edmund
D:7:      gammafunk_temple_overflow_forgotten, minmay_misc_feat_plants,
          kennysheep_nondescript
D:8:      nicolae_overflow_crystal_walls, basic_altar, evilmike_ruin_ashenzari,
          uniq_grum
D:9:      tso_altar, dpeg_lair_monsters, serial_shops, kennysheep_mini,
          uniq_maurice
Temple:   hc_temple_tempest_star
Sewer:    sewer_frog_island_02

Skill      XL: |  1  2  3  4  5  6  7  8  9 10 |
---------------+-------------------------------+-----
Fire Magic     | 3 4 5 6 8 |  8.7
Conjurations   | 2 3 4 5 6 8 9 |  9.0
Spellcasting   | 3 4 5 6 7 8 |  8.4
Dodging        | |  1.7
Stealth        | |  1.7

Action                   |  1- 3 |  4- 6 |  7- 9 | 10-12 || total
-------------------------+-------+-------+-------+-------++-------
Melee: Short sword       |    23 |    55 |    42 |       ||   120
       Kick              |     5 |     5 |    27 |     4 ||    41
       Dagger            |       |       |    49 |       ||    49
       Flail             |       |       |    58 |    41 ||    99
 Cast: Flame Tongue      |    60 |   135 |   147 |    36 ||   378
       Sticky Flame      |       |       |    35 |    25 ||    60
       Conjure Flame     |       |       |     6 |     2 ||     8
       Fireball          |       |       |     1 |     2 ||     3
Evoke: Wand              |       |       |     5 |       ||     5
  Use: Scroll            |       |       |     4 |       ||     4
 Stab: Sleeping          |     1 |     1 |     3 |       ||     5
       Paralysed         |       |       |     4 |       ||     4
  Eat: Chunk             |       |     8 |    14 |     4 ||    26
       Ration            |       |       |     1 |     1 ||     2
Armor: Robe              |    14 |    35 |    30 |    38 ||   117
Dodge: Dodged            |    45 |   114 |   199 |    85 ||   443

Table legend:
 A = Non-vault XP
 B = Vault XP
 C = Vault XP percentage of total XP
 D = Non-vault monster count
 E = Vault monster count
 F = Vault count percentage of total count
                 A         B        C        D         E       F
            +---------+---------+-------+---------+---------+-------
      Total |    5392 |    2147 |  28.5 |     166 |     101 |  37.8
            +---------+---------+-------+---------+---------+-------
        D:1 |      47 |       5 |   9.6 |      25 |       1 |   3.8
        D:2 |      60 |       5 |   7.7 |      22 |       3 |  12.0
        D:3 |      28 |      88 |  75.9 |       7 |      11 |  61.1
        D:4 |     299 |       0 |   0.0 |      15 |       0 |   0.0
        D:5 |     600 |       0 |   0.0 |      15 |       0 |   0.0
        D:6 |     956 |     169 |  15.0 |      21 |       1 |   4.5
        D:7 |    1712 |       0 |   0.0 |      24 |       0 |   0.0
        D:8 |     654 |     522 |  44.4 |       9 |       4 |  30.8
        D:9 |    1036 |    1040 |  50.1 |      28 |       9 |  24.3
      Sewer |       0 |     318 | 100.0 |       0 |      72 | 100.0
            +---------+---------+-------+---------+---------+-------
